Unix xNetHack Version 7.1.0 - last build Dec 11 2022 15:18:36 (91bc4d2507b4b34ac92889b06d50a936f6bde808). Game began 2022-12-29 20:39:14, ended 2022-12-29 20:59:48. UristMcRaven, chaotic female elven Wizard ------ # |....| -.------------ |....-####*####.............| |....| |.......(.e..| |....|#########.Q..........>| -.---- #|.u...........e ## #-------------- # ### ##### # # # # ### ### # -----.-## |...<.-# |.{...| ------- UristMcRaven the Conjurer St:9 Dx:14 Co:14 In:20 Wi:10 Ch:9 Chaotic Dlvl:7 $:133 HP:0(28) Pw:55(60) AC:9 Xp:5/303 T:2601 Latest messages: There is an object here. You see here a banana. L - a banana {2}. There is an object here. You see here a rotted pair of buckled boots. M - a rotted pair of buckled boots {20}. The door resists! You feel tougher! You must have been leading a healthy life-style. The door resists! The door resists! The door opens. In what direction? The boulder falls apart. You hear a crashing sound. The spell hits the brown mold! You kill the brown mold! There are a few objects here. $ - 7 gold pieces {0}. In what direction? The spell hits the rothe! You kill the rothe! There is an object here. There is a rothe corpse here; eat it? [ynq] (n) This rothe corpse tastes terrible! You finish eating the rothe corpse. There is an object here. You see here a carrot. N - a carrot {2}. There is an object here. You see here a large box. There are a few objects here. O - 2 black gems {2}. In what direction? The spell hits the acid blob! You kill the acid blob! The white unicorn butts! The white unicorn kicks! The white unicorn vanishes and reappears further away. The white unicorn butts! The white unicorn kicks! The white unicorn butts! The white unicorn kicks! In what direction? The spell hits the white unicorn! The white unicorn resists! The white unicorn butts! The white unicorn kicks! You die... Do you want your possessions identified? [ynq] (y) Major events: Turn 1: UristMcRaven the chaotic female elven Wizard entered the dungeon 361: entered the Gnomish Mines 841: attained the rank of Conjurer (level 3) 2601: killed by a white unicorn Inventory: Inventory: 582/625 weight (36/52 slots) Coins ('$') $ - 133 gold pieces {1} Weapons (')') a - a blessed +1 quarterstaff (alternate weapon; not wielded) {40} j - 9 uncursed +0 darts {9} y - an uncursed +0 dagger {10} B - 2 uncursed +0 orcish daggers {20} I - a cursed +0 orcish dagger {10} Armor ('[') b - an uncursed +0 cloak of magic resistance (being worn) {8} C - an uncursed +0 wooden orcish helm (being worn) {9} M - an uncursed rotted +0 pair of jumping boots {20} Comestibles ('%') r - an uncursed lichen corpse {20} v - 3 uncursed food rations {60} z - an uncursed tin of sauteed newt meat {10} L - an uncursed banana {2} N - an uncursed carrot {2} Scrolls ('?') i - a blessed scroll of light {5} u - an uncursed scroll of teleportation {5} w - an uncursed scroll of create monster {5} H - 2 uncursed scrolls of enchant weapon {10} Spellbooks ('+') c - a blessed spellbook of force bolt (wielded) {35} d - a blessed spellbook of magic missile {40} e - an uncursed spellbook of knock {35} f - an uncursed spellbook of dig {45} D - an uncursed spellbook of sleep {45} Wands ('/') K - an uncursed wand of probing (0:4) {7} Potions ('!') l - 2 blessed potions of booze {40} s - an uncursed potion of booze {20} t - an uncursed potion of object detection {20} Tools ('(') g - an uncursed tooled horn {18} h - an uncursed skeleton key {3} k - an uncursed cloth leash {8} n - an uncursed skeleton key {3} A - an uncursed bugle {10} Gems/Stones ('*') m - an uncursed worthless piece of black glass {1} p - an uncursed worthless piece of blue glass {1} F - an uncursed worthless piece of red glass {1} J - an uncursed flint stone {2} O - 2 uncursed obsidian stones {2} UristMcRaven the Wizard's attributes: Background: You were a Conjurer, a level 5 female elven Wizard. You were chaotic, on a mission for Anhur who was opposed by Ptah (lawful) and Thoth (neutral). You were heterosexual. You were in the Dungeons of Doom, on level 7. You entered the dungeon 2601 turns ago. You had 303 experience points, 17 more were needed to attain level 6. Basics: You had 0 out of 28 hit points. You had 55 out of 60 energy points (spell power). Your armor class was 9. Your wallet contained 133 zorkmids. Autopickup was on for '$"=/!?+' plus thrown, with exceptions. Final Characteristics: Your strength was 9 (limit:18). Your dexterity was 14 (limit:18). Your constitution was 14 (limit:16). Your intelligence was 20 (limit:20). Your wisdom was 10 (limit:20). Your charisma was 9 (limit:18). Final Status: You were not hungry. You were unencumbered. You were wielding a spellbook. Final Attributes: You were piously aligned. You were magic-protected. You were sleep resistant. You were telepathic. You had infravision. You were warded. You were harmed by iron. You are dead. Miscellaneous: You disabled loading of bones levels. Total elapsed playing time was 20 minutes and 34 seconds. Vanquished creatures: a bugbear an orc shaman a rock piercer a rock mole a ghoul a floating eye 8 hill orcs a rothe a giant bat a wererat an iguana 2 acid blobs 2 gas spores 2 hobbits a giant rat a cave spider 2 brown molds a red mold a gnome zombie 3 jackals a fox a goblin 4 sewer rats 4 grid bugs 6 lichens 6 newts 55 creatures vanquished. No species were genocided or became extinct. Voluntary challenges: You never hit with a wielded weapon. You were illiterate. You never genocided any monsters. You never polymorphed an object. You never changed form. You never touched an artifact. You used no wishes. You never owned a pet. You never scared an enemy with impunity. You were celibate. You never generated conflict. Achievements: You entered the Gnomish Mines. You entered a shop. You attained the rank of Conjurer. The Dungeons of Doom: levels 1 to 7 Level 1: Some fountains. Level 2: A general store, some fountains. Stairs down to The Gnomish Mines. Level 3: A general store, a fountain. Level 4: An altar. Level 5: An altar, some fountains. Level 6: Many fountains. Oracle of Delphi. Level 7: <- You were here. A fountain. Final resting place for you, killed by a white unicorn. The Gnomish Mines: Level 3: Game over: __________ / \ / REST \ / IN \ / PEACE \ / \ | UristMcRaven | | 133 Au | | killed by a | | white unicorn | | | | | | 2022 | *| * * * | * _________)/\\_//(\/(/\)/\//\/|_)_______ Goodbye UristMcRaven the Wizard... You died in The Dungeons of Doom on dungeon level 7 with 1632 points, and 133 pieces of gold, after 2601 moves. You were level 5 with a maximum of 28 hit points when you died.